AoeStats
← Sir HousedALot

Arena

509616267Analyzed
4v4 RM · 4d ago on Sep 27, 2026· 51m 19s· 8 players
Game mode
Random Map
Map size
Large (8 player)
Population
200
Speed
Normal
Resources
Standard
Victory
Conquest
Starting age
Dark Age
Ending age
Imperial Age
RankedLock teamsTeams togetherTeam positionsShared explorationLock speedFull tech treeHidden civsTurbo modeCheats
Victory
Defeat
🇮🇪 Hindustanis · Ireland
1060
+13
🇮🇳 Khmer · India
1027
+14
🇮🇳 Britons · India
902
+20
🇮🇳 Goths · India
875
+21
🇬🇧 Magyars · United Kingdom
1033
-19
🇧🇷 Britons · Brazil
985
-17
🇬🇧 Persians · United Kingdom
964
-16
🇫🇷 Persians · France
953
-16
Disconnec7
10:43 Feudal Age
15:13 Castle Age
13:34 Double-Bit Axe
18:17 Bow Saw
22:02 Horse Collar
23:07 Wheelbarrow
23:26 Light Cavalry
25:38 Hand Cart
26:49 Gold Mining
26:49 Stone Mining
27:01 Heavy Plow
32:15 Imperial Age
30:27 Bloodlines
30:17 Husbandry
30:08 Fletching
30:31 Corvinian Army
31:18 Scale Barding Armor
32:19 Chain Barding Armor
32:34 Thumb Ring
32:51 Ballistics
32:45 Masonry
32:36 Bodkin Arrow
32:36 Town Watch
33:52 Plate Barding Armor
33:18 Bracer
34:57 Chemistry
34:28 Conscription
35:09 Parthian Tactics
35:03 Recurve Bow
35:30 Padded Archer Armor
36:48 Two-Man Saw
36:25 Gold Shaft Mining
36:22 Crop Rotation
36:02 Heavy Cavalry Archer
37:38 Siege Engineers
38:09 Leather Archer Armor
37:31 Elite Magyar Huszar
40:19 Ring Archer Armor
42:51 Hussar
44:49 Town Patrol
45:46 Murder Holes
46:13 Scale Mail Armor
50:07 Hoardings
PEPPER MINT FRESH
10:13 Feudal Age
12:30 Double-Bit Axe
15:03 Loom
17:53 Castle Age
17:55 Scale Barding Armor
18:00 Loom
18:52 Wheelbarrow
18:48 Bow Saw
19:46 Loom
20:37 Wheelbarrow
20:35 Bloodlines
22:03 Horse Collar
27:33 Forging
27:47 Chain Barding Armor
30:30 Forging
30:59 Hand Cart
30:34 Town Watch
32:52 Kamandaran
33:21 Husbandry
33:44 Ballistics
34:08 Iron Casting
33:24 Fletching
36:25 Imperial Age
36:22 Heavy Plow
37:50 Blast Furnace
36:53 Cavalier
36:57 Crossbowman
37:41 Padded Archer Armor
38:10 Thumb Ring
39:06 Conscription
39:11 Bodkin Arrow
39:32 Leather Archer Armor
41:08 Chemistry
41:52 Savar
46:34 Citadels
50:27 Plate Barding Armor
Robby
0:38 Loom
10:41 Feudal Age
11:27 Double-Bit Axe
13:54 Wheelbarrow
18:15 Castle Age
17:18 Horse Collar
22:25 Heavy Plow
23:57 Stone Mining
25:44 Bow Saw
25:33 Gold Mining
25:50 Town Watch
27:48 Hand Cart
30:51 Ballistics
34:16 Imperial Age
33:32 Bloodlines
33:23 Husbandry
33:31 Scale Barding Armor
33:36 Forging
34:13 Cavalier
36:00 Gold Shaft Mining
36:12 Chain Barding Armor
37:11 Padded Archer Armor
37:02 Fletching
39:20 Crossbowman
40:07 Thumb Ring
40:12 Kamandaran
giyt
10:37 Feudal Age
14:27 Castle Age
13:13 Double-Bit Axe
13:30 Horse Collar
15:34 Bow Saw
21:49 Wheelbarrow
22:10 Heavy Plow
24:07 Hand Cart
24:15 Gold Mining
25:23 Forging
25:08 Fletching
25:18 Padded Archer Armor
25:47 Stone Mining
26:36 Bodkin Arrow
26:03 Crossbowman
27:27 Ballistics
28:56 Gold Shaft Mining
28:30 Pikeman
29:10 Squires
33:01 Leather Archer Armor
35:25 Imperial Age
36:21 Arbalester
38:15 Loom
43:41 Heavy Scorpion
47:47 Fortified Wall
SlothPeek
5:16 Loom
11:03 Feudal Age
15:28 Castle Age
16:20 Double-Bit Axe
16:51 Horse Collar
21:49 Wheelbarrow
23:39 Hand Cart
23:16 Stone Mining
23:17 Gold Mining
23:38 Heavy Plow
23:52 Bow Saw
30:16 Imperial Age
28:42 Ballistics
28:28 Stone Mining
29:20 Scale Barding Armor
29:26 Forging
31:04 Chain Barding Armor
30:35 Fletching
31:09 Husbandry
31:19 Bloodlines
30:30 Heavy Camel Rider
31:54 Town Watch
33:24 Plate Barding Armor
34:28 Hoardings
33:57 Grand Trunk Road
34:19 Conscription
34:12 Imperial Camel Rider
36:48 Iron Casting
36:09 Bodkin Arrow
38:53 Coinage
38:23 Caravan
39:36 Chemistry
38:32 Murder Holes
38:42 Siege Engineers
41:10 Blast Furnace
40:11 Bracer
Sir HousedALot
10:15 Feudal Age
14:38 Castle Age
12:53 Double-Bit Axe
13:10 Horse Collar
17:07 Bow Saw
17:55 Heavy Plow
19:46 Wheelbarrow
21:22 Gold Mining
21:32 Stone Mining
28:52 Imperial Age
26:12 Loom
28:20 Gold Mining
29:06 Stone Shaft Mining
29:04 Elite Ballista Elephant
31:20 Chemistry
30:40 Ballistics
32:49 Conscription
32:31 Double Crossbow
36:07 Ballistics
36:20 Hand Cart
37:38 Scale Barding Armor
37:43 Forging
39:33 Chain Barding Armor
43:06 Plate Barding Armor
43:06 Iron Casting
43:34 Siege Engineers
47:45 Blast Furnace
46:36 Fletching
49:29 Bodkin Arrow
51:52 Hoardings
51:36 Bracer
Raptor
13:48 Feudal Age
16:25 Double-Bit Axe
21:02 Castle Age
24:16 Fletching
24:26 Padded Archer Armor
25:04 Gold Mining
25:08 Stone Mining
27:21 Bodkin Arrow
27:42 Leather Archer Armor
28:46 Gold Shaft Mining
27:54 Horse Collar
28:58 Bow Saw
35:32 Imperial Age
32:51 Loom
35:29 Squires
34:50 Pikeman
38:11 Ballistics
37:37 Treadmill Crane
38:02 Bracer
40:10 Elite Longbowman
41:12 Conscription
40:28 Halberdier
42:07 Ring Archer Armor
43:56 Chemistry
43:01 Murder Holes
47:59 Wheelbarrow
48:55 Wheelbarrow
ashzbashz
12:25 Feudal Age
14:20 Horse Collar
15:50 Double-Bit Axe
19:16 Town Watch
19:42 Loom
22:10 Castle Age
23:29 Gold Mining
23:50 Squires
24:37 Town Patrol
25:13 Wheelbarrow
24:47 Scale Mail Armor
24:58 Forging
25:11 Heavy Plow
25:23 Bow Saw
25:34 Pikeman
29:54 Chain Mail Armor
32:15 Imperial Age
30:10 Hand Cart
30:19 Treadmill Crane
30:59 Stone Mining
33:37 Chain Mail Armor
33:58 Iron Casting
34:20 Anarchy
34:45 Conscription
33:52 Halberdier
36:57 Perfusion
38:05 Murder Holes
37:52 Elite Huskarl
40:20 Blast Furnace
Connection lost

Rejoining the realm…

Still unreachable

The connection could not be restored.

Session expired

The server has moved on; the page needs a fresh start.